Map: [ESL] Moondance

Players

DPGCure (Cure)

  • Race: Terran Terran
  • League: Master
  • Spawn Location: 12:00

Maru - Winner!

  • Race: Terran Terran
  • League: Master
  • Spawn Location: 6:00

VOD

Have the link to the VOD?

Description

Time

  • Played on: Nov. 3, 2022, 6:16 a.m.
  • Length: 10:10
Show
View Real Time Build Order
Export as new Build Order

DPGCure Terran 

Build Orders:  

Get SALT Encoding   

  12  0:00  SCV  
  13  0:12  SCV  
  14  0:16  Supply Depot  
  14  0:24  SCV  
  15  0:38  SCV  
  15  0:40  Barracks  
  16  0:43  Refinery  
  16  0:50  SCV  
  17  0:57  Barracks  
  17  1:02  SCV  
  18  1:08  Refinery  
  18  1:14  SCV  
  19  1:27  Reaper  
  19  1:28  Orbital Command  
  20  1:38  Supply Depot  
  20  1:44  Reaper  
  21  1:53  SCV  
  22  1:59  Reaper  
  23  2:06  SCV  
  24  2:09  Factory  
  24  2:16  Reaper  
  24  2:18  SCV  
  25  2:30  SCV  
  25  2:31  Supply Depot, Reaper  
  27  2:42  SCV  
  28  2:48  Reaper  
  29  2:53  Hellion  
  29  2:54  SCV, Starport  
  32  3:01  Supply Depot  
  32  3:03  Reaper  
  33  3:06  SCV  
  34  3:16  Hellion  
  34  3:18  SCV  
  37  3:20  Reaper  
  38  3:33  Starport Tech Lab  
  38  3:34  Command Center  
  38  3:37  Factory Tech Lab  
  38  3:38  Marine  
  39  3:41  SCV  
  40  3:51  Supply Depot  
  40  3:54  Banshee  
  43  4:01  Cyclone  
  46  4:06  Barracks Reactor, Marine  
  47  4:12  SCV  
  47  4:17  Supply Depot  
  48  4:24  Refinery, SCV  
  48  4:29  Marine  
  50  4:34  Siege Tank  
  53  4:39  SCV  
  53  4:42  Marine x2  
  56  4:45  Orbital Command  
  56  4:53  Starport Reactor  
  56  4:56  Marine  
  54  5:00  Marine  
  52  5:07  SCV  
  52  5:09  Marine  
  52  5:10  Siege Tank  
  52  5:13  Marine  
  50  5:18  SCV, Marine  
  50  5:19  SCV  
  53  5:26  Stimpack  
  53  5:27  Marine  
  52  5:30  Viking  
  52  5:31  Viking  
  56  5:38  Marine x2  
  58  5:45  Marine  
  58  5:47  Supply Depot  
  58  5:49  Siege Tank  
  61  5:59  Marine x2  
  61  6:03  SCV x2, Marine  
  49  6:14  Viking  
  49  6:19  SCV  
  49  6:20  SCV  
  51  6:28  Siege Tank  
  51  6:29  Viking  
  55  6:34  Marine x3  
  55  6:38  SCV x2  
  60  6:47  Viking  
  60  6:52  SCV x2  
  64  6:54  Marine x3  
  64  6:59  Viking  
  64  7:00  Siege Tank  
  72  7:02  Supply Depot  
  71  7:08  Combat Shield  
  71  7:13  SCV x2  
  73  7:23  Marine x3  
  73  7:25  SCV x2  
  78  7:32  Viking  
  80  7:37  SCV x2  
  82  7:46  Marine  
  82  7:47  Marine x2  
  82  7:50  SCV x2  
  86  7:54  Supply Depot  
  81  8:12  Marine  
  81  8:13  Siege Tank, Marine x2  
  81  8:14  Viking x2  
  81  8:18  SCV x2  
  93  8:20  Supply Depot  
  93  8:21  Supply Depot  
  93  8:31  Marine  
  93  8:32  Marine x2  
  92  8:35  SCV x2  
  94  8:49  Marine x3  
  94  8:55  Siege Tank  
  100  8:56  Viking x2  
  101  9:16  Command Center, Marine x3  
  99  9:29  Siege Tank  
  99  9:30  Viking  
  70  9:34  Viking  
  70  9:35  SCV x2, Marine x3  
  70  9:37  Refinery  
  74  9:47  SCV x2  
Show
View Real Time Build Order
Export as new Build Order

Maru Terran - Winner!

Build Orders:  

Get SALT Encoding   

  12  0:00  SCV  
  13  0:15  Supply Depot  
  13  0:17  SCV  
  14  0:37  Barracks  
  14  0:40  Refinery  
  14  0:53  Barracks  
  14  0:58  SCV  
  15  1:10  SCV  
  16  1:23  Reaper, Orbital Command  
  17  1:30  Refinery  
  17  1:41  Reaper  
  18  1:49  SCV  
  18  1:53  Supply Depot  
  19  1:58  Reaper  
  20  2:01  SCV  
  21  2:13  Reaper, SCV  
  22  2:25  SCV  
  22  2:26  Factory  
  23  2:35  Reaper  
  24  2:37  SCV  
  24  2:43  Supply Depot  
  25  2:46  Reaper  
  25  2:50  SCV  
  27  3:02  SCV  
  28  3:10  Factory Tech Lab, Starport  
  28  3:14  SCV  
  28  3:16  Supply Depot  
  29  3:26  SCV  
  30  3:28  Cyclone  
  33  3:46  Medivac  
  33  3:48  Marine x2  
  35  3:54  Command Center  
  37  3:56  Supply Depot  
  37  4:07  Marine x2  
  39  4:11  Siege Tank  
  42  4:21  Viking  
  44  4:24  Marine  
  44  4:25  Marine  
  44  4:30  Supply Depot  
  47  4:31  SCV  
  47  4:45  Siege Tank, Marine x2  
  52  4:48  SCV  
  53  4:58  Viking  
  54  5:03  SCV  
  50  5:15  SCV  
  50  5:19  Marine x2  
  56  5:27  SCV  
  57  5:36  Marine  
  57  5:37  Liberator, Marine  
  57  5:39  SCV  
  57  5:41  Orbital Command  
  60  5:49  Siege Tank  
  63  5:51  SCV  
  63  5:54  Marine  
  63  5:55  Refinery  
  65  6:03  SCV  
  58  6:09  SCV  
  46  6:15  SCV  
  45  6:22  Cyclone, Starport Reactor  
  45  6:23  SCV  
  47  6:27  SCV  
  48  6:35  SCV  
  48  6:37  Command Center  
  48  6:39  SCV  
  49  6:47  SCV  
  49  6:51  SCV  
  49  6:54  Siege Tank  
  54  6:59  Viking x2  
  54  7:00  SCV  
  59  7:03  SCV  
  59  7:06  Refinery  
  60  7:12  SCV  
  60  7:16  SCV  
  60  7:18  Factory  
  61  7:24  SCV  
  61  7:26  Siege Tank  
  61  7:28  SCV  
  66  7:33  Viking  
  66  7:36  SCV  
  69  7:40  SCV  
  69  7:43  Supply Depot  
  70  7:46  Viking  
  70  7:48  SCV  
  70  7:50  Supply Depot  
  73  7:52  SCV  
  73  7:56  Orbital Command  
  70  8:00  SCV  
  70  8:03  Viking  
  70  8:04  SCV  
  74  8:12  SCV  
  78  8:16  SCV  
  78  8:18  Factory Tech Lab  
  76  8:20  Viking  
  76  8:24  SCV x2  
  80  8:28  SCV  
  80  8:29  Factory Tech Lab  
  79  8:36  Refinery, SCV x2, Viking  
  79  8:37  Siege Tank  
  79  8:40  SCV  
  87  8:48  SCV  
  87  8:49  SCV  
  87  8:50  Viking  
  87  8:52  SCV  
  92  8:57  Siege Tank  
  92  8:59  Barracks Reactor  
  92  9:00  Factory  
  92  9:01  SCV x2  
  92  9:02  Supply Depot  
  97  9:04  Supply Depot  
  97  9:06  Viking  
  99  9:13  Armory  
  99  9:14  SCV  
  100  9:19  Supply Depot  
  100  9:20  Supply Depot, Engineering Bay  
  100  9:24  SCV  
  100  9:26  SCV  
  100  9:27  Viking  
  86  9:34  Siege Tank x2  
  86  9:36  SCV  
  86  9:37  SCV  
  94  9:39  SCV  
  93  9:48  SCV  
  93  9:49  SCV  
  93  9:51  SCV  
Tags
 
Add a new tag
Caveats
  • Supply blocks, unpowered buildings, or Contaminate may cause inaccurate times.
  • Supply counts are checked every 10 seconds.